 Dungeon Crawl Stone Soup version 0.26-a0-831-g7192265339 (webtiles) character file.

Game seed: 4589148310720241813

66 strifetoe the Chopper (level 4, -7/28 HPs)
             Began as a Gargoyle Monk on Nov 16, 2020.
             Killed from afar by an orc wizard (9 damage)
             ... with a magic dart
             ... on level 3 of the Dungeon.
             The game lasted 00:03:48 (2491 turns).

strifetoe the Chopper (Gargoyle Monk)               Turns: 2491, Time: 00:03:48

Health: -7/28      AC:  8    Str: 16    XL:     4   Next: 15%
Magic:  4/4        EV: 12    Int: 10    God:
Gold:   70         SH:  0    Dex: 12    Spells: 3/3 levels left

rFire    . . .     SeeInvis .   a - +0 hand axe
rCold    . . .     Faith    .   (no shield)
rNeg     + . .     Spirit   .   f - +0 leather armour
rPois    ∞         Reflect  .   h - +0 helmet
rElec    +         Harm     .   p - +0 cloak
rCorr    .         Rampage  .   (no gloves)
MR       .....                  (no boots)
Stlth    ++........             (no amulet)
HPRegen  0.09/turn              (no ring)
MPRegen  0.09/turn              (no ring)

@: slowed, very slow
A: negative energy resistance 1, electricity resistance, unbreathing,
petrification resistance, rot immunity, AC +3
a: no special abilities


You were on level 3 of the Dungeon.
You visited 1 branch of the dungeon, and saw 3 of its levels.

You collected 70 gold pieces.

Inventory:

Hand Weapons
 a - a +0 hand axe (weapon)
Armour
 b - a +0 robe
 f - a +0 leather armour (worn)
 h - a +0 helmet (worn)
 p - a +0 cloak (worn)
Jewellery
 j - a cursed ring of teleportation {unknown}
Scrolls
 d - 2 scrolls of teleportation {unknown}
 g - 3 scrolls of remove curse {unknown}
 i - a scroll of noise {unknown}
 n - 2 scrolls of identify {unknown}
 q - a scroll of amnesia {unknown}
 r - a scroll of enchant armour {unknown}
Potions
 c - 2 potions of flight {unknown}
 e - a potion of heal wounds {unknown}
 k - a potion of mutation {unknown}
 l - 2 potions of curing {unknown}
 m - a potion of haste {unknown}
 o - 2 potions of degeneration {unknown}


   Skills:
 - Level 3.2 Fighting
 + Level 4.4 Axes
 - Level 2.4 Dodging
 - Level 2.1 Stealth


You had 3 spell levels left.
You didn't know any spells.
Your spell library was empty.

Dungeon Overview and Level Annotations

Branches:
Dungeon (3/15)

Altars:
Xom


Innate Abilities, Weirdness & Mutations

You are resistant to torment.
Your stone body is resilient. (AC +3)
You are immune to poison.
You resist negative energy. (rN+)
You are resistant to electric shocks. (rElec)
You can survive without breathing.
You are immune to petrification.
You are immune to rotting.


Message History

Unknown command.
You bump into the rock wall.
The orc wizard casts a spell at you.
You feel yourself slow down. The orc hits you but does no damage.
Something hits you but does no damage.
Unknown command.
You bump into the rock wall.
The orc wizard barely misses you. The orc barely misses you.
Something hits you.
* * * LOW HITPOINT WARNING * * *
The orc wizard gestures wildly while chanting.
The orc wizard blinks!
Unknown command.
You feel less confused.
The orc wizard gestures at you while chanting.
The magic dart hits something.
Reactivating autopickup.
You feel a bit more experienced. The orc hits you but does no damage.
The orc wizard gestures at you while chanting.
The magic dart hits you!
You die...

#####.......# ##
............. ....
#####..#######.#.#
#..........#.#
#####........#.#.# #
.............o##.#.# #
.................#.#.#.#
..............§)o.......
#..####.#.......@....#
##. #.#.#######.......
#. #.#.# ....... # #.#.#
....... ###.###.#.#
....... .........###
...##+# #.###.#...# ...#
###..##.#...### ...# .#
#..........+


You could see an orc wizard (fast) and an orc.

Vanquished Creatures
  An adder (D:2)
  2 oozes
  A worm (D:3)
  A dart slug (D:2)
  2 leopard geckos (D:1)
  3 orcs (D:3)
  A ball python (D:1)
  3 bats
  6 giant cockroaches
  5 goblins
  5 hobgoblins
  2 frilled lizards (D:1)
  2 kobolds
  3 rats
37 creatures vanquished.

Vanquished Creatures (others)
  An orc wizard (D:3)
1 creature vanquished.

Grand Total: 38 creatures vanquished

Notes
Turn   | Place    | Note
-------+----------+-------------------------------------------
     0 | D:1      | strifetoe the Gargoyle Monk began the quest for the Orb.
     0 | D:1      | Reached XP level 1. HP: 14/14 MP: 1/1
    98 | D:1      | Reached skill level 3 in Axes
   294 | D:1      | Reached XP level 2. HP: 19/19 MP: 2/2
   730 | D:1      | Reached XP level 3. HP: 22/23 MP: 3/3
  1305 | D:2      | Reached skill level 4 in Axes
  1370 | D:2      | Found a shimmering altar of Xom.
  2253 | D:3      | Reached XP level 4. HP: 26/28 MP: 4/4
  2491 | D:3      | Killed from afar by an orc wizard

Illustrated notes

Levels and vault maps discovered:
D:1:      onia_arrival_pyramid, layout_basic, serial_corexii_hall,
          chequers_hall_statues_corner_a, corexii_hall_statues_i,
          minmay_octomino_j4
D:2:      layout_loops_corners, nicolae_overflow_crystal_walls
D:3:      layout_basic, minmay_rat_hole

Skill      XL: |  1  2  3 |
---------------+----------+-----
Axes           | 3 4 |  4.4
Fighting       | |  3.2
Dodging        | |  2.4
Stealth        | |  2.1

Action                   |  1- 3 |  4- 6 || total
-------------------------+-------+-------++-------
Melee: Hand axe          |   146 |    31 ||   177
 Stab: Sleeping          |     4 |     1 ||     5
Armor: Leather armour    |    64 |    18 ||    82
       Robe              |     1 |       ||     1
Dodge: Dodged            |    84 |    20 ||   104

Table legend: (Time is in decaauts)
 A = Elapsed time spent in this place.
 B = Non-inter-level travel time spent in this place.
 C = Inter-level travel time spent in this place.
 D = Time resting spent in this place.
 E = Time spent auto-exploring this place.
 F = Levels seen in this place.
 G = Mean time per level.
                   A        B        C        D        E       F      G
               +--------+--------+--------+--------+--------+-----+--------+
         Total |   2511 |   2447 |     64 |    276 |   1769 |   3 |  837.0 |
       Dungeon |   2511 |   2447 |     64 |    276 |   1769 |   3 |  837.0 |
               +--------+--------+--------+--------+--------+-----+--------+

Top non-repeatable levels by time:
     D:1: 1134 daAuts
     D:2: 967 daAuts
     D:3: 409 daAuts
